 Dungeon Crawl Stone Soup version 0.30-a0-371-gad7725a93e (webtiles) character file.

Game seed: 208704531671985923

479227 leviel the Slayer (level 24, -7/245 HPs)
             Began as a Hill Orc Fighter on Nov 21, 2022.
             Was the Champion of the Shining One.
             Mangled by an emperor scorpion (14 damage)
             ... summoned by a royal mummy
             ... on level 2 of the Tomb of the Ancients.
             The game lasted 01:35:04 (43259 turns).

leviel the Slayer (Hill Orc Fighter)               Turns: 43259, Time: 01:35:05

Health: -7/245     AC: 54    Str: 28    XL:     24   Next: 50%
Magic:  33/33      EV: 18    Int: 12    God:    the Shining One [******]
Gold:   5535       SH:  0    Dex: 17    Spells: 22/31 levels left

rFire   + + +      SeeInvis +    U - +11 battleaxe of Gozag's Esteem {flame, *Corrode rF++ Int+2}
rCold   . . .      Faith    .    (shield currently unavailable)
rNeg    + + +      Spirit   .    d - +10 crystal plate armour of Anarchy {rPois rF+ rN+ Dex+4 Stlth-}
rPois   +          Reflect  .    S - +2 hat
rElec   .          Harm     .    V - +2 cloak "Fiupemu" {Fly rCorr Dex+3 Stlth-}
rCorr   +          Rampage  .    A - +0 pair of gloves
Will    +....      Rage     9%   v - +2 pair of boots of Epunoleg {rN+ Will+ SInv}
Stlth   ..........               c - amulet of regeneration
HPRegen 1.40/turn                Y - +4 ring of protection
MPRegen 0.23/turn                h - +4 ring of evasion

@: weak-willed, marked, flying, slowed, glowing, studying Maces & Flails, very
slow
A: antennae 1, talons 1, berserk 2
}: 3/15 runes: decaying, silver, gossamer
a: Renounce Religion, Divine Shield, Cleansing Flame, Summon Divine Warrior


You were on level 2 of the Tomb of the Ancients.
You worshipped the Shining One.
The Shining One was exalted by your worship.
You visited 10 branches of the dungeon, and saw 46 of its levels.
You visited the Abyss 1 time.
You also visited: Bailey and Ice Cave.

You collected 6945 gold pieces.
You spent 1410 gold pieces at shops.

Inventory:

Hand Weapons
 a - a +9 war axe of holy wrath
 U - the +11 battleaxe of Gozag's Esteem (weapon) {flame, *Corrode rF++ Int+2}
   (You found it in an ice cave)

   It burns those it strikes, dealing additional fire damage.
   Big, fiery blades are also staple armaments of hydra-hunters.
   Int:       It affects your intelligence (+2).
   rF:        It greatly protects you from fire.
   *Corrode:  It may corrode you when you take damage.
Missiles
 s - 84 poisoned darts (quivered)
 x - 3 throwing nets
 D - 8 curare-tipped darts
Armour
 d - the +10 crystal plate armour of Anarchy (worn) {rPois rF+ rN+ Dex+4 Stlth-}
   (You acquired it on level 7 of the Dungeon)

   Dex:       It affects your dexterity (+4).
   rF:        It protects you from fire.
   rPois:     It protects you from poison.
   rN:        It protects you from negative energy.
   Stlth:     It makes you less stealthy.
 v - the +2 pair of boots of Epunoleg (worn) {rN+ Will+ SInv}
   (You found it on level 4 of the Dungeon)

   rN:        It protects you from negative energy.
   SInv:      It lets you see invisible.
   Will:      It increases your willpower.
 z - +2 ice dragon scales {rC++ rF-}
 A - a +0 pair of gloves (worn)
 M - a +1 kite shield of cold resistance
 P - +0 gold dragon scales {rPois+ rF+ rC+}
 S - a +2 hat (worn)
 V - the +2 cloak "Fiupemu" (worn) {Fly rCorr Dex+3 Stlth-}
   (You acquired it on level 2 of the Lair of Beasts)

   Dex:       It affects your dexterity (+3).
   Fly:       It grants you flight.
   rCorr:     It protects you from acid and corrosion.
   Stlth:     It makes you less stealthy.
Jewellery
 c - an amulet of regeneration (around neck)
 f - an amulet of faith
 h - a +4 ring of evasion (right hand)
 H - a ring of poison resistance
 J - a ring of protection from fire
 Y - a +4 ring of protection (left hand)
Wands
 g - a wand of flame (67)
 p - a wand of polymorph (28)
 u - a wand of paralysis (54)
 w - a wand of light (33)
 E - a wand of iceblast (30)
 K - a wand of mindburst (15)
Scrolls
 e - a scroll of butterflies
 l - a scroll of magic mapping
 o - 21 scrolls of teleportation
 y - a scroll of silence
 B - a scroll of brand weapon
 I - 4 scrolls of fear
 L - a scroll of enchant armour {@r2}
 N - a scroll of amnesia
 Q - 3 scrolls of poison
 X - a scroll of enchant weapon {@r3}
Potions
 i - 26 potions of curing
 j - 5 potions of magic
 k - 5 potions of mutation
 n - 8 potions of ambrosia
 q - 10 potions of lignification
 r - 6 potions of might
 C - a potion of berserk rage
 F - 4 potions of cancellation
 G - 2 potions of resistance
Miscellaneous
 m - a phantom mirror
 t - a tin of tremorstones (2/2)
 W - a box of beasts
 Z - a phial of floods


   Skills:
 * Level 25.9 Fighting
 - Level 20.0 Axes
 + Level 5.8 Throwing
 + Level 22.1 Armour
 + Level 14.3 Dodging
 + Level 16.8 Shields
 + Level 4.0 Spellcasting
 + Level 5.2 Earth Magic
 - Level 14.2 Invocations
 + Level 13.2 Evocations


You had 22 spell levels left.
You knew the following spells:

 Your Spells              Type           Power      Damage    Failure   Level
a - Shatter               Erth           7%         3d10*     100%        9

Your spell library contained the following spells:

 Spells                   Type           Power      Damage    Failure   Level
 Sandblast                Erth           30%        2d9       24%         1
 Passwall                 Tmut/Erth      6%         N/A       71%         2
 Apportation              Tloc           4%         N/A       90%         1
 Beastly Appendage        Tmut           4%         N/A       90%         1
 Foxfire                  Conj/Fire      8%         2x1d4     90%         1
 Freeze                   Ice            8%         1d3       90%         1
 Magic Dart               Conj           8%         1d3       90%         1
 Necrotise                Necr           8%         1d4       90%         1
 Slow                     Hex            8%         N/A       90%         1
 Summon Small Mammal      Summ           8%         N/A       90%         1
 Stone Arrow              Conj/Erth      16%        3d8       91%         3
 Blink                    Tloc           4%         N/A       97%         2
 Ensorcelled Hibernation  Hex/Ice        4%         N/A       97%         2
 Scorch                   Fire           4%         2d5       97%         2
 Searing Ray              Conj           4%         2d4       97%         2
 Sublimation of Blood     Necr           2%         N/A       97%         2
 Wereblood                Tmut           2%         N/A       97%         2
 Confusing Touch          Hex            2%         N/A       99%         3
 Dazzling Flash           Conj/Hex       4%         N/A       99%         3
 Frozen Ramparts          Ice            4%         1d1       99%         3
 Gell's Gravitas          Tloc           2%         N/A       99%         3
 Hailstorm                Conj/Ice       2%         3d3       99%         3
 Kindle Blastsparks       Fire/Tloc/Air  4%         2d10      99%         3
 Lesser Beckoning         Tloc           4%         N/A       99%         3
 Spider Form              Tmut/Pois      2%         N/A       99%         3
 Summon Guardian Golem    Hex/Summ       2%         N/A       99%         3
 Swiftness                Air            2%         N/A       99%         3
 Teleport Other           Tloc           2%         N/A       99%         3
 Vampiric Draining        Necr           2%         2d6       99%         3
 Airstrike                Air            1%         2d(1-17)  100%        4
 Anguish                  Hex/Necr       1%         N/A       100%        4
 Animate Armour           Summ/Erth      16%        N/A       100%        4
 Animate Dead             Necr           2%         N/A       100%        4
 Flame Wave               Conj/Fire      2%         2d4       100%        4
 Fulminant Prism          Conj/Hex       1%         3d5       100%        4
 Ice Form                 Ice/Tmut       2%         N/A       100%        4
 Iskenderun's Mystic Bla  Conj/Tloc      2%         2d3       100%        4
 Leda's Liquefaction      Hex/Erth       4%         N/A       100%        4
 Manifold Assault         Tloc           2%         N/A       100%        4
 Sticky Flame             Conj/Fire      2%         2d3       100%        4
 Summon Ice Beast         Ice/Summ       2%         N/A       100%        4
 Summon Lightning Spire   Summ/Air       2%         N/A       100%        4
 Agony                    Necr           2%         N/A       100%        5
 Alistair's Intoxication  Tmut/Pois      1%         N/A       100%        5
 Blade Hands              Tmut           1%         N/A       100%        5
 Borgnjor's Vile Clutch   Necr/Erth      4%         N/A       100%        5
 Fireball                 Conj/Fire      1%         3d3       100%        5
 Irradiate                Conj/Tmut      1%         3d12      100%        5
 Lee's Rapid Deconstruct  Erth           7%         3d7*      100%        5
 Lightning Bolt           Conj/Air       1%         1d12      100%        5
 Silence                  Hex/Air        1%         N/A       100%        5
 Dispersal                Tloc           1%         N/A       100%        6
 Iron Shot                Conj/Erth      4%         9d2       100%        6
 Starburst                Conj/Fire      1%         6d3       100%        6
 Statue Form              Tmut/Erth      5%         N/A       100%        6
 Summon Cactus Giant      Summ           1%         N/A       100%        6
 Dragon Form              Tmut           1%         N/A       100%        7
 Malign Gateway           Summ/Tloc      1%         N/A       100%        7
 Orb of Destruction       Conj           1%         9d5       100%        7
 Spellforged Servitor     Conj/Summ      1%         N/A       100%        7
 Storm Form               Tmut/Air       1%         N/A       100%        7
 Summon Hydra             Summ           1%         N/A       100%        7
 Disjunction              Tloc           1%         N/A       100%        8
 Lehudib's Crystal Spear  Conj/Erth      4%         10d3      100%        8
 Chain Lightning          Conj/Air       1%         3d1       100%        9
 Fire Storm               Conj/Fire      1%         7d1       100%        9


Dungeon Overview and Level Annotations

Branches:
Dungeon (15/15)            Temple (1/1) D:6            Lair (5/5) D:10
  Swamp (4/4) Lair:2       Spider (4/4) Lair:3        Slime (5/5) Lair:4
    Orc (2/2) D:10            Elf (0/3) Orc:2        Vaults (5/5) D:13
  Crypt (3/3) Vaults:3       Tomb (2/3) Crypt:3      Depths (0/4) D:15
 Bailey (visited)           IceCv (visited)

Altars:
Ashenzari
Cheibriados
Dithmenos
Elyvilon
Fedhas
Gozag
Hepliaklqana
Kikubaaqudgha
Makhleb
Nemelex Xobeh
Okawaru
Qazlal
Ru
Sif Muna
Trog
Uskayaw
Vehumet
Wu Jian
Xom
Yredelemnul
Zin
The Shining One
Beogh

Shops:
D:1 :(!((   D:7 *   D:9 ?   Orc:2 [((:   Vaults:4 :([

Portals:
Trove: D:15 (give +5 ice dragon scales)

Annotations:
Slime:5 Royal Jelly


Innate Abilities, Weirdness & Mutations

You have a pair of small antennae on your head.
You have sharp toenails.
You have an uncontrollable temper.


Message History

* * * LOW HITPOINT WARNING * * *
The death scarab drains your vigour!
You feel as though you will be slow longer.
The emperor scorpion is engulfed in dark miasma. x2
The emperor scorpion seems to slow down.
The emperor scorpion is engulfed in spectral mist.
A mummy comes into view.
The ushabti shakes and rattles deafeningly!
The emperor scorpion is engulfed in spectral mist.
The death scarab barely misses you. The death scarab misses you.
The emperor scorpion is engulfed in dark miasma.
The ushabti shakes and rattles.
The vile air hits the caustic shrike skeleton.
The vile air hits the emperor scorpion.
The vile air hits the death scarab.
The vile air hits the emperor scorpion but does no damage.
The vile air hits the death scarab.
The vile air hits you but does no damage.
The emperor scorpion is engulfed in dark miasma.
The emperor scorpion is engulfed in spectral mist.
The emperor scorpion is engulfed in dark miasma.
The emperor scorpion seems to slow down.
The death scarab closely misses you.
The death scarab attacks as you move away!
The death scarab closely misses you.
The spectral titan fades away!
The emperor scorpion is no longer moving slowly. x2
The death scarab bites you but does no damage.
The death scarab barely misses you. The death scarab misses you.
The death scarab bites you.
* * * LOW HITPOINT WARNING * * *
The death scarab drains your vigour!
You feel as though you will be slow longer.
The emperor scorpion is engulfed in spectral mist.
The royal mummy calls on the powers of darkness!
The emperor scorpion convulses! x6; Your body is wracked with pain!
* * * LOW HITPOINT WARNING * * *
The emperor scorpion convulses! x3
You hear a loud "Zot"!
The royal mummy gestures wildly while chanting.
The emperor scorpion stings you!
You die...

*********************************
,,,,,,,*,,,,,,,,*,^,,,,,,,,*,,,,,
,^,,,,,*,,,,^,,^*^,,,,,,,,^*,,,,,
,^,,,,,+^,,,,,,^+,,,,,,,,^,+,,,,,
^,,,,,^*^,,,,,,,*,,,,,,,,,^*,,,,,
,^,,,,,*,,,,,,,{*{{{{{{^,,,*,,,,,
,,,,*****#######################*
,,,^*,,,,.......@BBsMsBM........,
^,,,*,,,,......Bss.sBMBB........,
,,,,*,,,,......°zBs#°ss.......,,,
,,^,*,,,,.......M.○#ZssM.....,,,,
>^,,*,,,,..##..°M..s..ZZM.##.,,,,
*****,,,,.*##...#######9..#**,,,,
,,,,*,,,^**#.^..#######.9..#**,,,
,,,,#..,*##.M.....§.....M...#**,,
,,,,'..,*#....§.......§......#*,,


You could see 3 royal mummies, 11 emperor scorpions, a revenant, 2 guardian
mummies, a spectral stone giant (summoned), 8 death scarabs and 2 mummies.

Vanquished Creatures
  3 dread liches
  An ancient lich (Vaults:5)
  Mennas (Vaults:3)
  3 royal mummies (Tomb:1)
  Bai Suzhen (Spider:4)
  Boris (Vaults:5)
  Vv (Crypt:2)
  Margery (Vaults:2)
  A curse toe (Crypt:3)
  Xtahua (Vaults:4)
  Nikola (Spider:1)
  A golden dragon (Vaults:5)
  2 bone dragons
  Arachne (Spider:3)
  3 tentacled monstrosities (Vaults:5)
  Asterion (Spider:1)
  6 liches
  Rupert (Lair:3)
  A titan (Vaults:5)
  20 acid blobs
  4 tengu reavers (Vaults:5)
  Frances (Swamp:2)
  Agnes (Spider:4)
  8 sphinxes
  7 ancient champions
  3 tentacled starspawn (Abyss:2)
  8 shadow dragons (Vaults:5)
  Gastronok (Lair:2)
  Roxanne (D:15)
  A storm dragon (Vaults:5)
  2 frost giants (Vaults:5)
  2 revenants (Crypt:3)
  16 azure jellies
  A fenstrider witch (Swamp:2)
  12 rockslimes
  A fire giant (Vaults:5)
  24 vault wardens
  6 emperor scorpions
  A cacodemon (Abyss:2)
  A curse skull (Crypt:1)
  3 deep elf sorcerers (Vaults:5)
  7 ghost moths
  3 orc warlords
  4 war gargoyles
  Louise (Spider:4)
  7 stone giants
  14 quicksilver oozes
  The ghost of Wekumecuw the Tainted, a journeyman DsFi of Yredelemnul (Orc:1)
  A quicksilver ooze (shapeshifter) (Vaults:5)
  19 ironbound preservers
  A broodmother (shapeshifter) (D:15)
  2 broodmothers
  3 ironbound thunderhulks
  2 very ugly things
  A vampire knight (Crypt:3)
  2 eleionomae
  Nessos (Lair:5)
  4 deep elf demonologists
  9 bunyips
  18 dire elephants
  3 spark wasps
  A green death (Abyss:2)
  2 crystal guardians
  7 entropy weavers
  4 eidola
  A fire dragon (Lair:5)
  3 deep elf high priests
  3 mummy priests (Tomb:1)
  5 ettins
  A shambling mangrove (Swamp:4)
  9 yaktaur captains
  12 hydras
  8 jiangshi
  A rakshasa (D:15)
  14 great orbs of eyes
  2 peacekeepers
  3 ice dragons (Swamp:4)
  29 vault guards
  A quicksilver dragon skeleton (Crypt:3)
  5 radroaches
  5 ogre magi
  3 jorogumos (Spider:4)
  3 alligators
  12 boulder beetles
  18 centaur warriors
  A spriggan skeleton (Crypt:1)
  A catoblepas (Lair:4)
  9 ironbound frosthearts
  A ghost crab (Swamp:3)
  5 tengu warriors
  A deep troll shaman (Vaults:5)
  18 two-headed ogres
  A deep troll earth mage (Vaults:5)
  2 vampire magi
  15 death yaks
  Urug (Lair:4)
  An Orb Guardian skeleton (Crypt:2)
  3 thrashing horrors (Abyss:2)
  A titan zombie (Crypt:1)
  The ghost of experimilk the Merchant of Misery, a novice DrCj of Kikubaaqudgha (D:8)
  An emperor scorpion zombie (Crypt:1)
  3 hell knights
  4 shadow wraiths
  A deep elf knight (Vaults:3)
  2 soul eaters (Crypt:3)
  Amaemon (Lair:2)
  41 skeletal warriors
  Lodul (D:14)
  A spatial maelstrom (Abyss:2)
  5 steelbarb worms
  2 sun moths
  A goliath frog (shapeshifter) (Vaults:5)
  8 pharaoh ants
  59 deep trolls
  2 flayed ghosts (Crypt:3)
  5 goliath frogs
  3 glowing orange brains
  5 swamp dragons
  6 orb spiders
  The ghost of mcwallace the Ruffian, a novice TrTm (D:6)
  8 bog bodies
  13 ironbound convokers
  A golden dragon skeleton (Crypt:2)
  9 deep elf pyromancers
  5 wizards
  7 spriggan druids
  2 anaconda skeletons (Crypt:1)
  7 orc knights
  3 lindwurms
  9 phantasmal warriors
  28 ugly things
  8 necromancers
  2 mana vipers (shapeshifter) (Vaults:5)
  An orc sorcerer (Vaults:5)
  A deep elf zephyrmancer (Vaults:3)
  4 shining eyes
  4 cyclopes
  20 wolf spiders
  An oklob plant (Lair:4)
  A will-o-the-wisp (Swamp:3)
  A cyclops (shapeshifter) (Vaults:5)
  A manticore (shapeshifter) (Vaults:5)
  A manticore (D:6)
  A faun (shapeshifter) (Vaults:5)
  An elephant (shapeshifter) (Vaults:5)
  A moth of wrath (Spider:2)
  14 elephants
  15 vault sentinels
  2 centaur zombies (Crypt:1)
  A dire elephant zombie (Crypt:1)
  2 torpor snails
  An ice statue (IceCv)
  A rust devil (Abyss:2)
  A naga zombie (Crypt:1)
  2 orange demons
  The ghost of Cancer the Digger, a novice GrEE (D:5)
  A naga skeleton (Tomb:1)
  Maurice (D:8)
  7 black mambas (Lair:5)
  2 gargoyles
  An eye of devastation (Slime:5)
  9 demonic crawlers
  A rime drake (IceCv)
  2 unseen horrors
  3 molten gargoyles
  A white draconian zombie (Crypt:1)
  10 cane toads
  12 komodo dragons
  7 freezing wraiths
  A steelbarb worm zombie (Crypt:3)
  2 ancient zymes (Abyss:2)
  28 yaktaurs
  A sea snake skeleton (Crypt:3)
  3 meliai (Spider:2)
  9 guardian mummies (Tomb:1)
  8 tyrant leeches
  9 trolls
  9 polar bears
  A raiju (Abyss:2)
  11 hornets
  14 tarantellas
  18 blink frogs
  3 large abominations (Abyss:2)
  A tarantella zombie (Crypt:2)
  Prince Ribbit (D:6)
  A jumping spider zombie (Crypt:1)
  A harpy skeleton (Crypt:1)
  7 dream sheep (Lair:2)
  A centaur simulacrum (D:15)
  A boulder beetle zombie (Crypt:2)
  72 slime creatures
  A dream sheep (shapeshifter) (Vaults:5)
  27 jumping spiders
  2 culicivoras (shapeshifter) (Vaults:5)
  12 spriggans
  A flying skull (Crypt:3)
  A shadow (D:12)
  16 culicivoras
  A ynoxinul (Abyss:2)
  2 water elementals (D:13)
  5 wyverns
  An ushabti (Tomb:1)
  A hog (shapeshifter) (D:14)
  89 yaks
  A black mamba skeleton (Crypt:3)
  A vampire (D:7)
  8 basilisks
  14 golden eyes (Slime:3)
  6 wraiths
  2 fire bats (Abyss:2)
  A redback (shapeshifter) (Vaults:5)
  3 steam dragons
  17 vampire mosquitoes
  6 swamp worm simulacra (Swamp:4)
  60 redbacks
  A redback simulacrum (D:15)
  16 swamp worms
  An acid dragon (D:10)
  A fire bat zombie (Crypt:1)
  A small abomination (Abyss:2)
  5 wargs
  A glowing shapeshifter zombie (Crypt:2)
  A cane toad zombie (Crypt:2)
  5 hell hounds (Lair:5)
  A floating eye (shapeshifter) (Vaults:5)
  14 hydra simulacra (Swamp:4)
  20 water moccasins
  20 orc warriors
  A swamp drake (Swamp:1)
  2 ice beasts
  A sky beast (D:6)
  A black bear (D:3)
  40 ogres
  A hornet zombie (Crypt:2)
  11 centaurs
  4 boggarts (Vaults:1)
  33 wolves
  13 kobold brigands
  A yaktaur zombie (Crypt:1)
  11 bullfrogs
  A draconian skeleton (Crypt:3)
  A gnoll sergeant (D:5)
  A naga simulacrum (Crypt:1)
  2 salamander skeletons (Crypt:3)
  3 scorpions
  A demonspawn simulacrum (Crypt:1)
  A cane toad simulacrum (Lair:2)
  An elf skeleton (Crypt:1)
  19 wights
  A warg zombie (Crypt:2)
  An elephant simulacrum (Lair:2)
  6 killer bees (D:9)
  A raiju skeleton (Crypt:1)
  5 howler monkeys
  12 electric eels
  5 lava snakes (Lair:5)
  13 starcursed masses (Abyss:2)
  4 hounds
  A quasit (Abyss:2)
  A jelly (D:5)
  17 orc priests
  3 gnoll boudas
  An iguana (D:6)
  Natasha (twice) (D:3)
  22 orc wizards
  4 polar bear simulacra (Lair:2)
  3 yak simulacra (Lair:2)
  A boggart skeleton (Crypt:2)
  A wolf simulacrum (Lair:2)
  10 mummies
  A howler monkey zombie (Crypt:3)
  23 gnolls
  8 adders
  A shadow imp (D:6)
  4 white imps
  2 swamp drake simulacra (Swamp:4)
  An ufetubus (D:4)
  2 worms
  5 dart slugs
  85 orcs
  11 endoplasms
  4 giant cockroaches
  26 goblins
  23 hobgoblins
  8 jackals
  5 quokkas
  7 ball pythons
  11 bats
  4 frilled lizards
  46 kobolds
  5 rats
  4 river rat simulacra (Lair:2)
  A bush (Lair:4)
  3 starspawn tentacles (Abyss:2)
1980 creatures vanquished.

Vanquished Creatures (collateral kills)
  4 acid blobs (Slime:5)
  An azure jelly (Slime:5)
  4 rockslimes (Slime:5)
  An emperor scorpion (Spider:4)
  A very ugly thing (Abyss:2)
  A mummy priest (Tomb:1)
  3 vault guards (Vaults:5)
  A wolf spider (Spider:4)
  A guardian mummy (Tomb:1)
  A tarantella (Spider:4)
  A large abomination (Abyss:2)
19 creatures vanquished.

Vanquished Creatures (others)
  A lich (Crypt:3)
  A bunyip (Swamp:4)
  An alligator (Swamp:4)
  A skeletal warrior (Crypt:3)
  A boggart (Vaults:1)
  An orc wizard (Vaults:5)
  An orc (Vaults:5)
  4 foxfires (Swamp:3)
  19 fungi
  57 plants
  6 starspawn tentacles (Abyss:2)
93 creatures vanquished.

Grand Total: 2092 creatures vanquished

Notes
Turn   | Place    | Note
-------+----------+-------------------------------------------
     0 | D:1      | leviel the Hill Orc Fighter began the quest for the Orb.
     0 | D:1      | Reached XP level 1. HP: 19/19 MP: 1/1
   139 | D:1      | Reached XP level 2. HP: 24/27 MP: 2/2
   151 | D:1      | Found Basod's Distillery.
   164 | D:1      | Bought a potion of curing for 36 gold pieces
   279 | D:1      | Found Itiofrich's Weapon Shop.
   345 | D:1      | Found Orijabairph's Weapon Emporium.
   550 | D:1      | Found Cibrur's Weapon Emporium.
   556 | D:1      | Reached skill level 4 in Fighting
   562 | D:1      | Found Aporee's Book Emporium.
   583 | D:1      | Reached XP level 3. HP: 33/33 MP: 3/3
  1460 | D:2      | Found a faded altar of an unknown god.
  1663 | D:3      | Reached XP level 4. HP: 37/40 MP: 4/4
  1885 | D:3      | Found a blossoming altar of Fedhas.
  1967 | D:3      | Reached XP level 5. HP: 47/47 MP: 5/5
  2179 | D:3      | Noticed a black bear
  2191 | D:3      | Killed a black bear
  2192 | D:3      | Reached skill level 5 in Fighting
  2192 | D:3      | Reached XP level 6. HP: 56/56 MP: 6/6
  2463 | D:3      | Noticed Natasha
  2477 | D:3      | Killed Natasha
  2628 | D:3      | Noticed Natasha
  2636 | D:3      | Killed Natasha
  2674 | D:3      | Reached skill level 5 in Axes
  2814 | D:4      | Reached skill level 5 in Shields
  2981 | D:4      | Reached skill level 5 in Armour
  3012 | D:4      | Identified the +2 pair of boots of Epunoleg {rN+ Will+
                  | SInv}
  3037 | D:4      | Reached XP level 7. HP: 61/61 MP: 7/7
  3371 | D:5      | Entered Level 5 of the Dungeon
  3495 | D:5      | Reached skill level 6 in Fighting
  3747 | D:5      | Reached XP level 8. HP: 61/70 MP: 8/8
  4486 | D:5      | Found a runed translucent door.
  4487 | D:5      | Noticed Cancer's ghost (novice GrEE)
  4511 | D:5      | Killed Cancer's ghost
  4719 | D:6      | Reached skill level 7 in Fighting
  4754 | D:6      | Noticed a manticore
  4764 | D:6      | HP: 3/73 [manticore (3)]
  4773 | D:6      | Killed a manticore
  4774 | D:6      | Reached XP level 9. HP: 16/79 MP: 9/9
  5086 | D:6      | Found a staircase to the Ecumenical Temple.
  5106 | Temple   | Entered the Ecumenical Temple
  5331 | Temple   | Became a worshipper of the Shining One
  5497 | D:6      | Noticed Prince Ribbit
  5523 | D:6      | Killed Prince Ribbit
  5939 | D:6      | Reached skill level 8 in Fighting
  6459 | D:6      | Found a runed translucent gate.
  6459 | D:6      | Found a runed translucent gate.
  6459 | D:6      | Found a runed translucent gate.
  6459 | D:6      | Noticed mcwallace's ghost (novice TrTm)
  6560 | D:6      | Killed mcwallace's ghost
  6600 | D:6      | Reached skill level 9 in Fighting
  6600 | D:6      | Reached XP level 10. HP: 41/91 MP: 10/10
  6799 | D:7      | Found Raofydof's Gadget Gallery.
  6848 | D:7      | Found a flagged portal.
  6873 | Bailey   | Entered a bailey
  6878 | Bailey   | Noticed an orc warlord
  6906 | Bailey   | Reached * piety under the Shining One
  6928 | Bailey   | Noticed an orc knight
  6943 | Bailey   | Noticed an orc knight
  6953 | Bailey   | Killed an orc knight
  6962 | Bailey   | Reached skill level 10 in Axes
  6962 | Bailey   | Killed an orc knight
  7237 | Bailey   | Found a runed translucent gate.
  7239 | Bailey   | Found a runed translucent gate.
  7240 | Bailey   | Found a runed translucent gate.
  7417 | Bailey   | Killed an orc warlord
  7418 | Bailey   | Reached skill level 10 in Fighting
  7674 | D:7      | Acquired the +10 crystal plate armour of Anarchy {rPois rF+
                  | rN+ Dex+4 Stlth-}
  8129 | D:7      | Found an ornate altar of the Wu Jian Council.
  8340 | D:7      | Reached ** piety under the Shining One
  8362 | D:7      | Reached XP level 11. HP: 101/101 MP: 11/11
  8699 | D:8      | Noticed Maurice
  8723 | D:8      | Killed Maurice
  8917 | D:8      | Found a large runed translucent door.
  8917 | D:8      | Found a large runed translucent door.
  8921 | D:8      | Noticed experimilk's ghost (novice DrCj)
  9013 | D:8      | Reached skill level 10 in Shields
  9357 | D:8      | Killed experimilk's ghost
  9358 | D:8      | Reached skill level 10 in Armour
  9881 | D:9      | Reached skill level 1 in Invocations
  9952 | D:9      | Reached skill level 11 in Fighting
 10134 | D:9      | Noticed a cyclops
 10143 | D:9      | Killed a cyclops
 10144 | D:9      | Reached skill level 1 in Dodging
 10170 | D:9      | Noticed a boulder beetle
 10171 | D:9      | Reached *** piety under the Shining One
 10230 | D:9      | Killed a boulder beetle
 10382 | D:9      | Found Rosk's Magic Scroll Shoppe.
 10390 | D:9      | Bought a scroll of fear for 52 gold pieces
 10390 | D:9      | Bought a scroll of blinking for 97 gold pieces
 10390 | D:9      | Bought a scroll of enchant armour for 97 gold pieces
 10390 | D:9      | Bought a scroll of poison for 52 gold pieces
 10390 | D:9      | Bought a scroll of enchant weapon for 97 gold pieces
 10390 | D:9      | Bought 2 scrolls of blinking for 195 gold pieces
 10644 | D:10     | Entered Level 10 of the Dungeon
 10731 | D:10     | Found a staircase to the Lair.
 10817 | D:10     | Found a staircase to the Orcish Mines.
 11030 | D:10     | Noticed a brown ugly thing
 11048 | D:10     | Killed a brown ugly thing
 11171 | D:10     | Got Sif Muna's Compilation of Changing Unholy Secrets
 11217 | D:10     | Reached XP level 12. HP: 110/110 MP: 14/14
 11316 | D:10     | Noticed a two-headed ogre
 11319 | D:10     | Noticed a two-headed ogre
 11325 | D:10     | Killed a two-headed ogre
 11332 | D:10     | Killed a two-headed ogre
 11694 | Orc:1    | Entered Level 1 of the Orcish Mines
 11694 | Orc:1    | Noticed an ettin
 11701 | Orc:1    | Noticed an ettin
 11707 | Orc:1    | Killed an ettin
 11715 | Orc:1    | Killed an ettin
 11877 | Orc:1    | Found a large runed translucent door.
 11887 | Orc:1    | Found a large runed translucent door.
 11890 | Orc:1    | Noticed Wekumecuw's ghost (journeyman DsFi)
 12034 | Orc:1    | Found a roughly hewn altar of Beogh.
 12200 | Orc:1    | Killed Wekumecuw's ghost
 12201 | Orc:1    | Reached skill level 5 in Invocations
 12258 | Orc:2    | Entered Level 2 of the Orcish Mines
 12330 | Orc:2    | Noticed an orc warlord
 12352 | Orc:2    | Killed an orc warlord
 12353 | Orc:2    | Reached skill level 12 in Fighting
 12412 | Orc:2    | Noticed a two-headed ogre
 12421 | Orc:2    | Killed a two-headed ogre
 12534 | Orc:2    | Reached **** piety under the Shining One
 12720 | Orc:2    | Found Biuckox's Self-Improvement Boutique.
 12725 | Orc:2    | Found a staircase to the Elven Halls.
 12774 | Orc:2    | Noticed a two-headed ogre
 12774 | Orc:2    | Noticed a two-headed ogre
 12777 | Orc:2    | Noticed a two-headed ogre
 12777 | Orc:2    | Noticed a two-headed ogre
 12784 | Orc:2    | Noticed a two-headed ogre
 12788 | Orc:2    | Killed a two-headed ogre
 12788 | Orc:2    | Killed a two-headed ogre
 12818 | Orc:2    | Killed a two-headed ogre
 12827 | Orc:2    | Killed a two-headed ogre
 12828 | Orc:2    | Reached XP level 13. HP: 99/119 MP: 17/17
 12987 | Orc:2    | Reached skill level 15 in Axes
 13180 | Orc:2    | Found Ciklonyrhe's Distillery.
 13180 | Orc:2    | Found Vumirgh's Weapon Shoppe.
 13181 | Orc:2    | Found Xafial's Armour Emporium.
 13181 | Orc:2    | Found Qiaritio's Weapon Shop.
 13197 | Orc:2    | Bought a potion of curing for 42 gold pieces
 13197 | Orc:2    | Bought a potion of resistance for 140 gold pieces
 13197 | Orc:2    | Bought a potion of curing for 42 gold pieces
 13197 | Orc:2    | Bought a potion of curing for 42 gold pieces
 13197 | Orc:2    | Bought a potion of heal wounds for 70 gold pieces
 13197 | Orc:2    | Bought 2 potions of curing for 84 gold pieces
 13197 | Orc:2    | Bought a potion of flight for 42 gold pieces
 13197 | Orc:2    | Bought a potion of haste for 140 gold pieces
 13197 | Orc:2    | Bought a potion of heal wounds for 70 gold pieces
 13197 | Orc:2    | Bought a potion of heal wounds for 70 gold pieces
 13197 | Orc:2    | Bought a potion of curing for 42 gold pieces
 13469 | Orc:1    | Reached skill level 13 in Fighting
 13636 | Lair:1   | Entered Level 1 of the Lair of Beasts
 13929 | Lair:1   | Reached skill level 5 in Dodging
 14461 | Lair:2   | Found a frozen archway.
 14472 | IceCv    | Entered an ice cave
 14525 | IceCv    | Reached XP level 14. HP: 89/129 MP: 20/20
 14643 | IceCv    | Reached ***** piety under the Shining One
 15477 | IceCv    | Identified the +11 battleaxe of Gozag's Esteem {flame,
                  | *Corrode rF++ Int+2}
 15745 | Lair:2   | Found a staircase to the Swamp.
 15938 | Lair:2   | Noticed Gastronok
 15951 | Lair:2   | Killed Gastronok
 15965 | Lair:2   | Acquired the +2 cloak "Fiupemu" {Fly rCorr Dex+3 Stlth-}
 16084 | Lair:2   | Noticed Amaemon
 16091 | Lair:2   | Killed Amaemon
 16096 | Lair:2   | Reached skill level 10 in Invocations
 16190 | Lair:2   | Reached skill level 14 in Fighting
 16190 | Lair:2   | Reached XP level 15. HP: 138/138 MP: 22/22
 16723 | Lair:3   | Noticed Rupert
 16732 | Lair:3   | Killed Rupert
 16842 | Lair:3   | Found a hole to the Spider Nest.
 17256 | Lair:4   | Reached ****** piety under the Shining One
 17710 | Lair:4   | Noticed Urug
 17718 | Lair:4   | Killed Urug
 17730 | Lair:4   | Found a staircase to the Slime Pits.
 18113 | Lair:5   | Entered Level 5 of the Lair of Beasts
 18502 | Lair:5   | Found a large runed translucent door.
 18502 | Lair:5   | Found a large runed translucent door.
 18633 | Lair:5   | Reached XP level 16. HP: 147/147 MP: 24/24
 18718 | Lair:5   | Acquired 228 gold pieces
 18797 | Lair:5   | Noticed Nessos
 18802 | Lair:5   | Killed Nessos
 19110 | Spider:1 | Entered Level 1 of the Spider Nest
 19122 | Spider:1 | Noticed Nikola
 19122 | Spider:1 | Noticed Asterion
 19209 | Spider:1 | Killed Asterion
 19228 | Spider:1 | Killed Nikola
 19244 | Spider:1 | Reached skill level 15 in Fighting
 19704 | Spider:1 | Identified the +1 troll leather armour of Beogh's Esteem
                  | {rN++ Regen+}
 20741 | Spider:3 | Found the +4 robe of Folly {Brilliance Will-∞ Int+8}
 20812 | Spider:3 | Noticed Arachne
 20831 | Spider:3 | Killed Arachne
 21240 | Spider:3 | Reached XP level 17. HP: 71/156 MP: 26/26
 21839 | Spider:4 | Entered Level 4 of the Spider Nest
 21839 | Spider:4 | Noticed Louise
 21846 | Spider:4 | Noticed Agnes
 21853 | Abyss:2  | Cast into level 2 of the Abyss (Louise)
 21881 | Abyss:2  | Noticed a tentacled starspawn
 21956 | Abyss:2  | Killed a tentacled starspawn
 22129 | Abyss:2  | Gained mutation: You are frail. (-10% HP) [a cacodemon]
 22133 | Abyss:2  | Gained mutation: You are very frail. (-20% HP) [a
                  | cacodemon]
 22139 | Abyss:2  | Reached skill level 16 in Fighting
 22142 | Abyss:2  | Noticed a tentacled starspawn
 22152 | Abyss:2  | Killed a tentacled starspawn
 22153 | Abyss:2  | Reached skill level 15 in Armour
 22184 | Abyss:2  | Noticed a tentacled starspawn
 22192 | Abyss:2  | Killed a tentacled starspawn
 22193 | Abyss:2  | Reached skill level 15 in Shields
 22232 | Abyss:2  | Noticed a bone dragon
 22246 | Abyss:2  | Identified the +0 tower shield "Faanosor" {rF+ Str+3 Int-3}
 22258 | Abyss:2  | Killed a bone dragon
 22269 | Spider:4 | Escaped the Abyss
 22273 | Spider:4 | Identified the +6 tower shield of the Orb {rElec Dex+4
                  | Slay+3}
 22278 | Spider:4 | Killed Agnes
 22279 | Spider:4 | Killed Louise
 22858 | Spider:4 | Reached skill level 1 in Evocations
 22861 | Spider:4 | Reached XP level 18. HP: 99/134 MP: 0/28
 22880 | Spider:4 | Reached skill level 17 in Fighting
 22970 | Spider:4 | Noticed Bai Suzhen
 22989 | Spider:4 | Killed Bai Suzhen
 23057 | Spider:4 | Got a gossamer rune of Zot
 23066 | Spider:4 | Identified the +0 hat of Lust {Harm Fly SInv}
 24900 | D:13     | Found a gate to the Vaults.
 25277 | D:13     | Found Hucoes's Armour Shoppe.
 25330 | D:13     | Acquired a manual of Armour
 25806 | D:14     | Noticed Lodul
 25817 | D:14     | Killed Lodul
 25818 | D:14     | Reached skill level 18 in Fighting
 25818 | D:14     | Reached skill level 10 in Dodging
 26502 | D:14     | Lost mutation: You are very frail. (-20% HP) [potion of
                  | mutation]
 26502 | D:14     | Lost mutation: You are frail. (-10% HP) [potion of
                  | mutation]
 26502 | D:14     | Gained mutation: You sometimes lose your temper in combat.
                  | [potion of mutation]
 26502 | D:14     | Gained mutation: You have a pair of small antennae on your
                  | head. [potion of mutation]
 26688 | D:15     | Entered Level 15 of the Dungeon
 27017 | D:15     | Identified Roxanne's Volume of Clay
 27017 | D:15     | Noticed Roxanne
 27032 | D:15     | Killed Roxanne
 27049 | D:15     | Reached skill level 5 in Evocations
 27368 | D:15     | Found a staircase to the Depths.
 27442 | D:15     | Found a portal to a secret trove of treasure.
 27503 | D:15     | Acquired 987 gold pieces
 27682 | Swamp:1  | Entered Level 1 of the Swamp
 27738 | Swamp:1  | Reached XP level 19. HP: 170/181 MP: 29/29
 27774 | Swamp:1  | Identified the +1 war axe "Jixal" {holy, *Corrode rC+ rN+++
                  | Str+3}
 27920 | Swamp:1  | Reached skill level 19 in Fighting
 28805 | Swamp:2  | Noticed Frances
 28812 | Swamp:2  | Killed Frances
 29537 | Swamp:4  | Entered Level 4 of the Swamp
 29644 | Swamp:4  | Identified the +2 ring mail of Laomyjap {Will+ Regen+ Str+4
                  | Dex+4}
 30109 | Swamp:4  | Got a decaying rune of Zot
 30287 | Slime:1  | Entered Level 1 of the Pits of Slime
 30294 | Slime:1  | Reached skill level 20 in Fighting
 30616 | Slime:5  | Entered Level 5 of the Pits of Slime
 30654 | Slime:4  | Reached XP level 20. HP: 121/195 MP: 30/30
 30712 | Slime:5  | Noticed the Royal Jelly
 30970 | Slime:4  | Gained mutation: You have an uncontrollable temper. [a
                  | shining eye]
 31438 | Slime:5  | Gained mutation: You have sharp toenails. [a shining eye]
 31588 | Slime:4  | Reached skill level 21 in Fighting
 32078 | Slime:5  | Identified a +7 war axe of holy wrath (a +5 war axe blessed
                  | by the Shining One)
 32078 | Slime:5  | Received a gift from the Shining One
 32517 | Vaults:1 | Entered Level 1 of the Vaults
 32991 | Vaults:1 | Identified the +11 scimitar "Tormentor" {speed, Fragile
                  | rElec rPois}
 34001 | Vaults:2 | Reached skill level 22 in Fighting
 34091 | Vaults:2 | Reached XP level 21. HP: 207/207 MP: 31/31
 34155 | Vaults:2 | Noticed Margery
 34173 | Vaults:2 | Killed Margery
 35298 | Vaults:3 | Reached skill level 10 in Evocations
 35550 | Vaults:3 | Identified the +0 leather armour "Nucledd" {+Inv rF+ Int+4}
 35747 | Vaults:3 | Reached skill level 23 in Fighting
 36563 | Vaults:3 | Noticed Mennas
 36584 | Vaults:3 | Killed Mennas
 36652 | Vaults:3 | Found a staircase to the Crypt.
 36854 | Vaults:3 | Reached XP level 22. HP: 216/220 MP: 32/32
 37023 | Vaults:4 | Noticed Xtahua
 37040 | Vaults:4 | Killed Xtahua
 37368 | Vaults:4 | Reached skill level 24 in Fighting
 37594 | Vaults:4 | Found Vayjonic's Armour Boutique.
 37596 | Vaults:4 | Found Hafuidaiv's Weapon Shoppe.
 37596 | Vaults:4 | Found Gegguc's Book Emporium.
 38018 | Vaults:5 | Entered Level 5 of the Vaults
 38030 | Vaults:5 | Reached skill level 1 in Throwing
 38038 | Vaults:5 | Noticed an ancient lich
 38054 | Vaults:5 | Noticed a golden dragon
 38059 | Vaults:5 | Killed an ancient lich
 38173 | Vaults:5 | Killed a golden dragon
 38360 | Vaults:5 | Got Doubejui's Discourse on Mustering and Conjuring
 38372 | Vaults:5 | Learned a level 9 spell: Shatter
 38415 | Vaults:5 | Reached XP level 23. HP: 232/232 MP: 33/33
 38429 | Vaults:5 | Identified the ring "Gasyrush" {rPois Will+ Str+7 Dex+2}
 38466 | Vaults:5 | Identified the ring "Aguel" {rPois Will+ Str-2 Int+8 Dex+3}
 38475 | Vaults:5 | Identified the +9 quarterstaff of Tekket {freeze, Int+3
                  | Stlth+}
 38565 | Vaults:5 | Reached skill level 1 in Earth Magic
 38572 | Vaults:5 | Noticed Boris
 38590 | Vaults:5 | Killed Boris
 38591 | Vaults:5 | Reached skill level 1 in Spellcasting
 38769 | Vaults:5 | Paralysed by a floating eye for 3 turns
 38868 | Vaults:5 | Noticed a dread lich
 38883 | Vaults:5 | Killed a dread lich
 38884 | Vaults:5 | Reached skill level 25 in Fighting
 39243 | Vaults:5 | Got a silver rune of Zot
 39424 | Crypt:1  | Entered Level 1 of the Crypt
 40211 | Crypt:3  | Entered Level 3 of the Crypt
 40338 | Crypt:3  | Found a staircase to the Tomb.
 40377 | Crypt:3  | Noticed a curse toe
 40468 | Crypt:2  | Noticed Vv
 40943 | Crypt:2  | Killed Vv
 41308 | Crypt:3  | Killed a curse toe
 41309 | Crypt:3  | Reached skill level 5 in Throwing
 41309 | Crypt:3  | Reached XP level 24. HP: 243/243 MP: 33/33
 41543 | Crypt:3  | Identified the +3 hand axe "Uwuf" {vorpal, Will+ Stlth+}
 41658 | Crypt:3  | Noticed a dread lich
 41661 | Crypt:3  | Noticed a dread lich
 41795 | Crypt:3  | Got the Secrets of Maledictive Blasts
 41802 | Crypt:3  | Killed a dread lich
 41815 | Crypt:3  | Killed a dread lich
 41920 | Tomb:1   | Entered Level 1 of the Tomb of the Ancients
 42443 | Tomb:1   | Noticed a royal mummy
 42460 | Tomb:1   | Killed a royal mummy
 42461 | Tomb:1   | Reached skill level 5 in Earth Magic
 42590 | Tomb:1   | Noticed a royal mummy
 42602 | Tomb:1   | HP: 7/245 [royal mummy (9)]
 42873 | Tomb:1   | Noticed a royal mummy
 42882 | Tomb:1   | Killed a royal mummy
 42920 | Tomb:1   | Killed a royal mummy
 43234 | Tomb:2   | Noticed a royal mummy
 43235 | Tomb:2   | Noticed a royal mummy
 43243 | Tomb:2   | Noticed a royal mummy
 43244 | Tomb:2   | Noticed a royal mummy
 43258 | Tomb:2   | HP: 9/245 [death scarab[a royal mummy] (16)]
 43259 | Tomb:2   | Mangled by an emperor scorpion

Illustrated notes

Levels and vault maps discovered:
D:1:      sevenhm_arrival_forest_fort_large_4, layout_basic, serial_shops,
          nicolae_diamond_shop, nicolae_shop_bloodbath_and_beyond, shop, shop,
          nicolae_shop_statue_plus
D:2:      kb_forest_paths, layout_basic, nicolae_ecumenical_lake_church
D:3:      corexii_shack_village, layout_loops_ring, old_standard_altar,
          skrybe_limestone_x, chequers_hall_statues_corner_a,
          minmay_increasing_density, uniq_natasha
D:4:      layout_cave_pools
D:5:      layout_basic, gammafunk_ghost_grave, small_statue_intersection
D:6:      corexii_shantytown, layout_loops_ring, minmay_temple_entry_overgrown,
          gammafunk_ghost_nasty_kobolds, uniq_prince_ribbit1
D:7:      layout_basic, nzn_wu_jian_council_hall, enter_bailey_7,
          nicolae_shop_gadgets
D:8:      layout_rooms, ebering_ghost_disaster_area, nicolae_wwwww, uniq_maurice
D:9:      layout_stronghold, serial_shops, shop
D:10:     layout_loops_cross, dpeg_oklobed_lair, hiddenorc2_lemuel,
          nicolae_titane
D:11:     layout_stronghold, hangedman_abyss_or_decor_stabs
D:12:     layout_irregular_city, minmay_misc_feat_cross
D:13:     layout_grid_maze, lightli_vaults_fourway_checkpoint, serial_bayou,
          serial_bayou_shore_b, serial_bayou_pond_e, serial_bayou_lake_a,
          serial_bayou_shore_a, serial_bayou_pond_e, serial_shops,
          nicolae_inconvenience_store
D:14:     layout_basic, hangedman_decor_opposing, minmay_variable_closet,
          uniq_lodul
D:15:     gammafunk_enter_depths_forms, layout_loops_ring, glass_columns_b,
          nicolae_trove_entry_crystal, feat_on_display, uniq_roxanne
Temple:   nicolae_temple_bog_church
Lair:1:   layout_roguey, serial_bayou_shore_b
Lair:2:   layout_gridlike, nicolae_swamp_entry_splash_gauntlet,
          portal_ice_cave_entry_ice_simulacra, eino_house_with_fridge,
          infiniplex_staircase_pool, grunt_megastairs_1, uniq_amaemon,
          uniq_gastronok
Lair:3:   layout_regular_city, spider_nest_entry_web_field, uniq_rupert
Lair:4:   layout_regular_city, dpeg_slime_entry_corner, minmay_lair_oklob_items,
          uniq_urug
Lair:5:   cheibrodos_lair_end_hotspot, layout_loops_ring,
          nicolae_quartered_pool_medium, nzn_sisyphean_effort, uniq_nessos
Swamp:1:  layout_falls_marsh, serial_swamp_ruin, evilmike_swamp_ruin_wall,
          evilmike_swamp_ruin_house_4, evilmike_swamp_ruin_rubble_1,
          nicolae_swamp_stuck_in_the_mud
Swamp:2:  layout_falls_marsh, evilmike_swamp_ruin_house_1, uniq_frances
Swamp:3:  layout_basic_swamp, nicolae_swamp_bean_lake
Swamp:4:  swamp_icy, layout_basic_swamp
Spider:1: layout_spider_delve, nicolae_spider_circle_web,
          nicolae_spider_bug_shape, uniq_nikola, uniq_asterion
Spider:2: layout_spider_delve
Spider:3: layout_spider_delve, drop_trap, nicolae_spider_eight_legs,
          uniq_arachne
Spider:4: grunt_spider_rune_circles, uniq_louise, uniq_bai_suzhen, uniq_agnes
Slime:1:  layout_caves
Slime:2:  layout_caves, cheibrodos_slime_lost_civilization_4
Slime:3:  layout_caves
Slime:4:  layout_caves
Slime:5
Orc:1:    layout_diamond_mine, ebering_ghost_disaster_area, minmay_orc_temple_b
Orc:2:    st_orc_ogre_mass, layout_diamond_mine, nicolae_shop_self_help
Vaults:1: nicolae_vaults_network_quincunx
          [nicolae_vaults_network_quincunx_subvault,
          nicolae_vaults_network_quincunx_subvault,
          nicolae_vaults_network_quincunx_subvault,
          nicolae_vaults_network_quincunx_subvault,
          nicolae_vaults_network_quincunx_subvault],
          hangedman_vaults_corner_blocks, v_misc_4, st_cross,
          nicolae_vaults_stairing_the_circle, nicolae_vaults_diagonal_hallway_6,
          vaults_dpeg_spiral, nicolae_vaults_little_squares_1,
          hangedman_vaults_trim, v_rooms_6, nicolae_vaults_sealed_display,
          ontoclasm_vaults_gateway, layout_vaults_omnicross
Vaults:2: nicolae_vaults_alarming, v_alt_pattern_2,
          nicolae_vaults_windows_and_doors_thing, grunt_vaults_twisty,
          vaults_room_pools, vaults_standard_mumra_x,
          nicolae_vaults_shelves_hall, layout_vaults_quadrants, uniq_margery
Vaults:3: ontoclasm_vaults_shout, vaults_room_boxed, v_rooms_6,
          hangedman_vaults_stitches, hangedman_vaults_corner,
          nicolae_vaults_what_the_h, layout_vaults_chaotic_city, uniq_mennas
Vaults:4: nicolae_vaults_little_squares_6, hangedman_vaults_capsules,
          vaults_room_semicircle, hangedman_vaults_cutoff,
          hangedman_vaults_maws, nicolae_vaults_border_crossing,
          hangedman_vaults_restitches, ontoclasm_vaults_misaligned, v_misc_26,
          nicolae_vaults_theta, vaults_dpeg_encased_lava,
          vaults_room_semicircle, nicolae_vaults_bisected_slash,
          vaults_room_semicircle, ontoclasm_vaults_ligature,
          grunt_vaults_diagonal, layout_vaults_maze, serial_shops, shop,
          nicolae_shop_trees, shop, uniq_xtahua
Vaults:5: uniq_boris
Crypt:1:  layout_rooms
Crypt:2:  layout_misc_corridors, minivault_5, uniq_vv
Crypt:3:  david_glass_crypt, layout_rooms, feat_on_display
Tomb:1
Tomb:2

Skill      XL: |  1  2  3  4  5  6  7  8  9 10 11 12 13 14 15 16 17 18 19 20 21 22 23 24 |
---------------+-------------------------------------------------------------------------+-----
Axes           | 3 4 5 6 7 9 10 12 14 16 17 19 20 | 20.0
Fighting       | 4 5 6 7 9 10 11 12 13 14 15 16 18 20 22 23 24 25 | 25.9
Armour         | 4 5 6 8 9 10 11 12 13 14 15 16 18 20 21 22 | 22.1
Shields        | 4 5 7 8 9 10 11 12 13 14 15 16 | 16.8
Invocations    | 3 6 8 10 11 12 14 | 14.2
Dodging        | 2 3 5 6 7 8 9 10 11 12 13 14 | 14.3
Evocations     | 1 5 7 9 11 12 13 | 13.2
Throwing       | 3 5 |  5.8
Earth Magic    | 4 5 |  5.2
Spellcasting   | 3 4 |  4.0

Action                   |  1- 3 |  4- 6 |  7- 9 | 10-12 | 13-15 | 16-18 | 19-21 | 22-24 || total
-------------------------+-------+-------+-------+-------+-------+-------+-------+-------++-------
Melee: War axe           |   125 |   146 |   346 |   708 |   510 |       |       |   286 ||  2121
       Battleaxe         |       |       |       |       |   388 |   967 |  1123 |   696 ||  3174
       Punch             |       |       |       |       |       |       |       |     7 ||     7
Throw: Dart              |       |       |       |       |     4 |       |     1 |       ||     5
Invok: Divine Shield     |       |       |       |     4 |       |     2 |     2 |     9 ||    17
       Summon Divine War |       |       |       |       |       |     3 |     5 |     4 ||    12
       Cleansing Flame   |       |       |       |       |       |     1 |       |     2 ||     3
       Brand Weapon With |       |       |       |       |       |       |     1 |       ||     1
Evoke: Wand              |       |       |       |     1 |       |       |       |       ||     1
  Use: Scroll            |     3 |     5 |     3 |    17 |     3 |     5 |    11 |    12 ||    59
       Potion            |       |       |     5 |     7 |     2 |     8 |     2 |    15 ||    39
Armor: Scale mail        |    76 |    69 |   151 |    33 |       |       |       |       ||   329
       Crystal plate arm |       |       |       |   268 |   539 |   816 |   956 |   884 ||  3463
Dodge: Dodged            |    69 |   128 |   199 |   199 |   337 |   631 |   886 |   717 ||  3166
Block: Buckler           |    23 |    39 |    87 |    69 |       |       |       |       ||   218
       Kite shield       |       |       |       |   237 |   313 |       |       |       ||   550
       Other             |       |       |       |       |       |    10 |    24 |   163 ||   197
       Reflection        |       |       |       |       |       |       |       |     1 ||     1

Table legend: (Time is in decaauts)
 A = Elapsed time spent in this place.
 B = Non-inter-level travel time spent in this place.
 C = Inter-level travel time spent in this place.
 D = Time resting spent in this place.
 E = Time spent auto-exploring this place.
 F = Levels seen in this place.
 G = Mean time per level.
                   A        B        C        D        E       F      G
               +--------+--------+--------+--------+--------+-----+--------+
         Total |  43144 |  40164 |   2980 |   5230 |  25397 |  49 |  880.5 |
       Dungeon |  15305 |  14184 |   1121 |    926 |  10661 |  15 | 1020.3 |
        Temple |    259 |    192 |     67 |      0 |    173 |   1 |  259.0 |
          Lair |   4654 |   4161 |    493 |     74 |   3143 |   5 |  930.8 |
         Swamp |   2508 |   2309 |    199 |    152 |   1607 |   4 |  627.0 |
   Spider Nest |   3455 |   3256 |    199 |    271 |   2230 |   4 |  863.8 |
    Slime Pits |   2051 |   1981 |     70 |   1438 |      0 |   5 |  410.2 |
  Orcish Mines |   1799 |   1629 |    170 |     47 |   1096 |   2 |  899.5 |
        Vaults |   6998 |   6550 |    448 |   1196 |   3909 |   5 | 1399.6 |
         Crypt |   2477 |   2333 |    144 |    446 |   1058 |   3 |  825.7 |
          Tomb |   1393 |   1328 |     65 |    303 |    701 |   2 |  696.5 |
         Abyss |    373 |    373 |      0 |      0 |     98 |   1 |  373.0 |
        Bailey |    787 |    787 |      0 |    341 |    209 |   1 |  787.0 |
      Ice Cave |   1080 |   1080 |      0 |     33 |    508 |   1 | 1080.0 |
               +--------+--------+--------+--------+--------+-----+--------+

Top non-repeatable levels by time:
     D:6: 1970 daAuts
Vaults:3: 1824 daAuts
     D:5: 1479 daAuts
Vaults:1: 1444 daAuts
  Tomb:1: 1363 daAuts
Vaults:2: 1360 daAuts
Vaults:5: 1240 daAuts
    D:10: 1236 daAuts
     D:3: 1181 daAuts
Vaults:4: 1128 daAuts
 Crypt:2: 1127 daAuts
     D:7: 1126 daAuts
Spider:3: 1121 daAuts
   Orc:2: 1088 daAuts
   IceCv: 1080 daAuts
